 Dungeon Crawl Stone Soup version bcrawl-1.21.2-28-g2cb1824106 (webtiles) character file.

Game seed: 7416482987008970677

182 Anathary the Scratcher (level 5, -1/28 HPs)
             Began as a Felid Monk on Mar 12, 2020.
             Slain by a crimson imp (2 damage)
             ... on level 4 of the Dungeon.
             The game lasted 00:14:30 (3797 turns).

Anathary the Scratcher (Felid Monk)                 Turns: 3797, Time: 00:14:30

Health: -1/28      AC:  1    Str:  8    XL:     5   Next: 61%
Magic:  0/7        EV: 26    Int: 11    God:
Gold:   207        SH:  0    Dex: 19    Spells: 4/4 levels left
                                        Lives:  0   Deaths: 1

rFire    . . .     SeeInvis +     - Unarmed
rCold    . . .     Gourm    .   (shield unavailable)
rNeg     . . .     Faith    .   (armour unavailable)
rPois    .         Spirit   +   (helmet unavailable)
rElec    .         Reflect  .   (cloak restricted)
rCorr    .         Harm     .   (gloves unavailable)
MR       .....                  (boots unavailable)
Stlth    ++++......             a - amulet of guardian spirit
HPRegen  0.09/turn              g - +6 ring of evasion
MPRegen  0.10/turn              (no ring)

@: quick
A: very small, no armour, no weapons or thrown items, stealth, claws 1, fangs 3,
see invisible, carnivore, speed 1, shaggy fur 1, slow metabolism 1, sharp paws
a: no special abilities


You were on level 4 of the Dungeon.
You were full.

You visited 1 branch of the dungeon, and saw 4 of its levels.
You also visited: Sewer.

You collected 207 gold pieces.

Inventory:

Jewellery
 a - an amulet of guardian spirit (around neck)
 g - a +6 ring of evasion (left paw)
Scrolls
 b - 2 scrolls of fear {unknown}
 c - 4 scrolls of remove curse {unknown}
 f - 6 scrolls of identify {unknown}
 i - 3 scrolls of teleportation {unknown}
 l - a scroll of blinking {unknown}
 m - 5 scrolls of enchant weapon {unknown}
 n - a scroll of enchant armour {unknown}
 q - 2 scrolls of fog {unknown}
 r - a scroll of magic mapping {unknown}
Potions
 d - a potion of flight {unknown}
 h - 2 potions of curing {unknown}
 j - 2 potions of heal wounds
 k - a potion of haste {unknown}
 o - 2 potions of degeneration {unknown}
 p - a potion of might {unknown}
 s - a potion of lignification {unknown}
Comestibles
 e - 5 rations {!d}


   Skills:
 - Level 3.0 Fighting
 - Level 4.0 Dodging
 + Level 5.8 Stealth
 + Level 7.0 Unarmed Combat
   Level 2.1 Invocations


You had 4 spell levels left.
You didn't know any spells.
Your spell library was empty.

Dungeon Overview and Level Annotations

Branches:
Dungeon (4/12)             Temple (0/1) D:4

Altars:
Gozag


Innate Abilities, Weirdness & Mutations

You cannot wear almost all types of armour.
You are incapable of wielding weapons or throwing items.
Your paws allow you to move quietly. (Stealth)
You have sharp claws.
You have razor-sharp teeth.
You have supernaturally acute eyesight. (SInv)
You are carnivorous and can eat meat at any time.
You cover ground quickly.
You are covered in fur. (AC +1)
You have a slow metabolism.
Your sharp claws are effective at attacking unaware monsters.


Message History

The leopard gecko misses you. The crimson imp misses you.
The adder closely misses you.
You scratch the adder but do no damage. You claw the adder.
The adder is almost dead.
The leopard gecko closely misses you. The crimson imp barely misses you.
The adder completely misses you.
You claw the adder!
You kill the adder!
The leopard gecko misses you. The crimson imp completely misses you.
You barely miss the leopard gecko. Your bite misses the leopard gecko.
The leopard gecko bites you.
* * * LOW HITPOINT WARNING * * *
The crimson imp blinks!
You barely miss the leopard gecko. The leopard gecko misses you.
You claw the leopard gecko!
You kill the leopard gecko!
You claw the crimson imp!
The crimson imp is heavily wounded.
The crimson imp hits you.
You die...

............5....(..≈≈≈....
..........##..##...........
#.....!...###+##..........#
#..................#.....##
................[........##
#...##........##..##.....##
### ##........##.. #..>..##
#......)..# .##.....##
#....5@...# ........#.
#....))...# .##....<#.
#.........# #.....'.
#........... #.....#.
#............. #.....#.
#......[...... #.....#.
#............. #.....#.
#............. #.....##
#.....##


You could see a crimson imp.

Vanquished Creatures
  Purgy (Sewer)
  2 ogres (D:4)
  An orc wizard (D:3)
  A worker ant (D:4)
  4 adders
  4 gnolls (D:3)
  2 river rats (D:4)
  An adder skeleton (D:3)
  2 worms (D:2)
  A dart slug (D:2)
  7 leopard geckos
  7 orcs
  2 ball pythons
  5 bats
  6 giant cockroaches
  5 goblins
  6 hobgoblins
  4 jackals (D:3)
  7 kobolds
  2 quokkas (D:3)
  5 frilled lizards
  7 rats
82 creatures vanquished.

Notes
Turn   | Place    | Note
-------+----------+-------------------------------------------
     0 | D:1      | Anathary the Felid Monk began the quest for the Orb.
     0 | D:1      | Reached XP level 1. HP: 12/12 MP: 3/3
   131 | D:1      | Reached skill level 4 in Unarmed Combat
   194 | D:1      | Reached XP level 2. HP: 16/16 MP: 4/4
  1253 | D:2      | Reached XP level 3. HP: 20/20 MP: 5/5
  1335 | D:2      | Found an opulent altar of Gozag.
  2361 | D:3      | Reached skill level 5 in Unarmed Combat
  2361 | D:3      | Reached XP level 4. HP: 24/24 MP: 6/6
  3099 | D:4      | Reached skill level 5 in Stealth
  3099 | D:4      | Reached skill level 6 in Unarmed Combat
  3099 | D:4      | Reached XP level 5. HP: 28/28 MP: 7/7
  3099 | D:4      | Noticed an ogre
  3106 | D:4      | Found a glowing drain.
  3115 | Sewer    | Entered a sewer
  3200 | Sewer    | Noticed Purgy
  3215 | Sewer    | Killed Purgy
  3542 | D:4      | Slain by an ogre
  3543 | D:4      | Reached XP level 4. HP: -4/24 MP: 0/6
  3590 | D:4      | Found a staircase to the Ecumenical Temple.
  3762 | D:4      | Reached XP level 5. HP: 28/28 MP: 7/7
  3775 | D:4      | Reached skill level 7 in Unarmed Combat
  3775 | D:4      | Noticed an ogre
  3781 | D:4      | Killed an ogre
  3788 | D:4      | Killed an ogre
  3794 | D:4      | HP: 1/28 [leopard gecko (2)]
  3797 | D:4      | Slain by a crimson imp

Skill      XL: |  1  2  3  4  5 |
---------------+----------------+-----
Unarmed Combat | 4 5 6 7 |  7.0
Stealth        | 4 5 |  5.8
Fighting       | |  3.0
Dodging        | |  4.0
Invocations    | |  2.1

Action                   |  1- 3 |  4- 6 || total
-------------------------+-------+-------++-------
Melee: Unarmed           |   131 |   115 ||   246
       Bite              |    14 |    15 ||    29
       Punch             |     1 |     3 ||     4
 Stab: Sleeping          |    14 |     8 ||    22
  Eat: Chunk             |     1 |     4 ||     5
       Ration            |     1 |       ||     1
Armor: Skin              |     2 |     1 ||     3
Dodge: Dodged            |    77 |   148 ||   225
